 Dungeon Crawl Stone Soup version 0.18-a0-1225-g5d63bca (webtiles) character file.

6 ololoev the Firebug (level 1, 3/10 HPs)
             Began as a Deep Elf Fire Elementalist on Feb 3, 2016.
             Quit the game on level 2 of the Dungeon.
             The game lasted 00:00:45 (78 turns).

ololoev the Firebug (Deep Elf Fire Elementalist)      Turns: 78, Time: 00:00:45

Health: 3/10       AC:  2    Str:  5    XL:     1   Next: 75%
Magic:  2/6        EV: 13    Int: 19    God:
Gold:   0          SH:  0    Dex: 15    Spells: 1 memorised, 5 levels left

rFire  . . .     SeeInvis .     (no weapon)
rCold  . . .     Gourm    .     a - +0 robe
rNeg   . . .     Faith    .     (no shield)
rPois  .         Spirit   .     (no helmet)
rElec  .         Dismiss  .     (no cloak)
rCorr  .         Reflect  .     (no gloves)
SustAt .         Harm     .     (no boots)
MR     .....                    (no amulet)
Stlth  ++........               (no ring)
                                (no ring)

@: not resistant to hostile enchantments, unstealthy
A: no striking features
a: no special abilities

Inventory:

Armour
 a - a +0 robe (worn)
Potions
 d - a potion of might {unknown}
Books
 b - a book of Flames

   Spells                             Type                      Level
   a - Flame Tongue                   Conjuration/Fire             1
   b - Throw Flame                    Conjuration/Fire             2
   c - Conjure Flame                  Conjuration/Fire             3
   d - Inner Flame                    Hexes/Fire                   3
   e - Sticky Flame                   Conjuration/Fire             4
   f - Fireball                       Conjuration/Fire             5
Comestibles
 c - a bread ration
 f - 3 chunks of flesh


   Skills:
 - Level 2.4 Dodging
 - Level 2.4 Stealth
 + Level 3.0 Spellcasting
 * Level 1.4 Conjurations
 + Level 3.5 Fire Magic


You had 5 spell levels left.
You knew the following spells:

 Your Spells              Type           Power        Failure   Level  Hunger
a - Flame Tongue          Conj/Fire      ##...        8%          1    None


You were on level 2 of the Dungeon.
You were not hungry.

You visited 1 branch of the dungeon, and saw 3 of its levels.

#### ...# ...
#.### #...
###..##
#...@.# .#
#.....##.#
#........#
####......###
#....(.....###
#.#...........
# ##.......###
##.....##
##...#######

Notes
Turn   | Place    | Note
--------------------------------------------------------------
     0 | D:1      | ololoev the Deep Elf Fire Elementalist began the quest for the Orb.
     0 | D:1      | Reached XP level 1. HP: 10/10 MP: 6/6
    23 | D:2      | Found an ancient bone altar of Kikubaaqudgha.
    78 | D:2      | Quit the game

Dungeon Overview and Level Annotations

Branches:
Dungeon (3/15)

Altars:
Kikubaaqudgha


Message History

Confirm with . or Enter, or press ? or * to list all spells.
Aiming: Flame Tongue
Press: ? - help, Shift-Dir - straight line, f/p - orc
Aim: an orc, wielding a trident (moderately wounded)
The flame tongue hits the orc.
The orc is heavily wounded.
Casting: Flame Tongue
Confirm with . or Enter, or press ? or * to list all spells.
Aiming: Flame Tongue
Press: ? - help, Shift-Dir - straight line, f/p - orc
Aim: an orc, wielding a trident (heavily wounded)
The flame tongue hits the orc.
The orc is severely wounded.
The orc completely misses you.
An orc comes into view. It is wielding a club.
The orc barely misses you. The orc hits you with a mace.
Ouch! That really hurt!
You climb upwards.
There is a stone staircase leading down here.
Casting: Flame Tongue
Confirm with . or Enter, or press ? or * to list all spells.
Aiming: Flame Tongue
Press: ? - help, Shift-Dir - straight line, f - orc
Aim: an orc, wielding a trident (severely wounded)
The flame tongue hits the orc.
You kill the orc!
Casting: Flame Tongue
Confirm with . or Enter, or press ? or * to list all spells.
Aiming: Flame Tongue
Press: ? - help, Shift-Dir - straight line, f - orc
Aim: an orc, wielding a mace The flame tongue hits the orc.
You kill the orc!
Things that are here:
a trident; a stone; an orc corpse You butcher the orc corpse.
f - 3 chunks of flesh
Things that are here:
a trident; a stone Are you sure you want to abandon this character and quit the game? (Confirm with "yes".)

There were no monsters in sight!

Vanquished Creatures
  2 orcs (D:2)
  A goblin (D:2)
  A kobold (D:2)
4 creatures vanquished.

Action                   || total
-------------------------++-------
 Cast: Flame Tongue      ||     7

Vault maps used:
D:1:      dpeg_arrival_tiny_a, serial_bayou_pond_b, minmay_hedge_maze,
          minivault_5
D:2:      lemuel_coloured_pillars_altar, nicolae_overflow_crystal_walls,
          old_standard_altar, ecumenical_altar_2, uniq_crazy_yiuf_cottage
D:3:      lemuel_doored_altar, nicolae_dithmenos_shadow_blocks, led_xom_imps
